 Dungeon Crawl Stone Soup version 0.24.1-11-gbbbb2193e6 (webtiles) character file.

Game seed: 8285450023071160145, levelgen mode: deterministic

3125 Gwenloh the Covert (level 9, -7/64 HPs)
             Began as a Vampire Enchanter on May 13, 2020.
             Was an Initiate of Gozag.
             Mangled by a seven-headed hydra (9 damage)
             ... on level 7 of the Dungeon.
             The game lasted 00:44:29 (8067 turns).

Gwenloh the Covert (Vampire Enchanter)              Turns: 8067, Time: 00:44:34

Health: -7/64      AC:  4    Str:  7    XL:     9   Next: 61%
Magic:  12/15      EV: 16    Int: 21    God:    Gozag
Gold:   585        SH:  3    Dex: 14    Spells: 4/16 levels left

rFire    . . .     SeeInvis +   a - +2 dagger
rCold    + . .     Gourm    .   (no shield)
rNeg     . . .     Faith    .   C - +0 robe
rPois    .         Spirit   .   w - +0 helmet
rElec    .         Reflect  +   p - +0 cloak
rCorr    +         Harm     .   (no gloves)
MR       .....                  (no boots)
Stlth    ++++......             t - +3 amulet of reflection
HPRegen  0.40/turn              r - ring of resist corrosion
MPRegen  0.14/turn              z - ring of protection from cold

@: regenerating quickly
A: no food, fangs 3, see invisible, unbreathing
a: Exsanguinate, Potion Petition, Call Merchant, Bribe Branch, Renounce Religion


You were on level 7 of the Dungeon.
You worshipped Gozag.
Gozag was pleased with you.
You were alive.

You visited 2 branches of the dungeon, and saw 9 of its levels.

You collected 685 gold pieces.
You paid 100 gold pieces to Gozag.

Inventory:

Hand Weapons
 a - a +2 dagger (weapon)
 b - a +1 rapier
 E - the +0 whip "Bososab" {drain, Stlth+}
   (You found it on level 7 of the Dungeon)

   A truly terrible weapon, it drains the life of those it strikes.
   It makes you more stealthy.
Missiles
 q - 2 throwing nets (quivered)
 y - 6 atropa-tipped darts
Armour
 e - a +0 leather armour
 p - a +0 cloak (worn)
 w - a +0 helmet (worn)
 C - a +0 robe (worn)
Jewellery
 r - a ring of resist corrosion (left hand)
 t - a +3 amulet of reflection (around neck)
 v - an uncursed amulet of regeneration
 z - a ring of protection from cold (right hand)
Scrolls
 c - a scroll of fog
 f - 8 scrolls of teleportation
 i - 2 scrolls of magic mapping
 l - 3 scrolls of remove curse
 o - 2 scrolls of amnesia
 s - a scroll of fear
 x - a scroll of brand weapon {unknown}
 A - a scroll of immolation
 F - a scroll of identify
Potions
 d - a potion of cancellation {unknown}
 g - 3 potions of curing
 h - 2 potions of degeneration {unknown}
 j - a potion of might {unknown}
 k - 3 potions of magic
 m - a potion of heal wounds
 n - 3 potions of flight
 u - 2 potions of lignification {unknown}
 B - a potion of ambrosia {unknown}
 D - 2 potions of haste {unknown}


   Skills:
 + Level 3.6 Fighting
 + Level 4.7 Short Blades
 * Level 7.0 Dodging
 * Level 10.5 Stealth
 + Level 4.2 Spellcasting
 * Level 9.6 Hexes
 + Level 3.9 Ice Magic


You had 4 spell levels left.
You knew the following spells:

 Your Spells              Type           Power        Failure   Level  Hunger
a - Corona                Hex            #####..      1%          1    N/A
b - Ensorcelled Hibernat  Hex/Ice        ####..       1%          2    N/A
c - Confuse               Hex            #####...     1%          3    N/A
d - Tukima's Dance        Hex            #####...     1%          3    N/A
e - Dazzling Spray        Conj/Hex       ###...       4%          3    N/A

Your spell library contained the following spells:

 Spells                   Type           Power        Failure   Level  Hunger
 Confusing Touch          Hex            #####.       1%          1    N/A
 Gell's Gravitas          Tloc           #.........   34%         3    N/A
 Petrify                  Tmut/Erth      #.......     75%         4    N/A
 Metabolic Englaciation   Hex/Ice        ####......   21%         5    N/A
 Yara's Violent Unravell  Hex/Tmut       ###.......   41%         5    N/A

Dungeon Overview and Level Annotations

Branches:
Dungeon (8/15)             Temple (1/1) D:6
   Lair: D:8-11

Altars:
Ashenzari
Cheibriados
Dithmenos
Elyvilon
Fedhas
Gozag
Hepliaklqana
Kikubaaqudgha
Makhleb
Nemelex Xobeh
Okawaru
Qazlal
Ru
Sif Muna
Uskayaw
Vehumet
Wu Jian
Xom
Yredelemnul
Zin
The Shining One

Annotations:
D:7 3 runed translucent doors


Innate Abilities, Weirdness & Mutations

You do not eat.
Your natural rate of healing is unusually fast.
You have razor-sharp teeth.
You have supernaturally acute eyesight. (SInv)
You can survive without breathing.


Message History

The seven-headed hydra resists with almost no effort.
The seven-headed hydra bites you!
The seven-headed hydra bites you but does no damage.
You block the seven-headed hydra's attack.
The seven-headed hydra completely misses you.
The seven-headed hydra bites you!
* * * LOW HITPOINT WARNING * * *
The seven-headed hydra bites you but does no damage.
The seven-headed hydra bites you!
* * * LOW HITPOINT WARNING * * *
There is an open door here.
You feel much better.
The seven-headed hydra bites you but does no damage.
The seven-headed hydra bites you. x2; The seven-headed hydra bites you!
* * * LOW HITPOINT WARNING * * *
The seven-headed hydra bites you!
* * * LOW HITPOINT WARNING * * *
The seven-headed hydra bites you!
You die...
Your body crumbles into a pile of gold.

.. #...+##).......# #### cD
#...###..........# #... .#
..###............# #)/. .#
###..............# #%$.#.
###........).......#
##...#########..................#
#...$.....##............#########
#.###.###.#....##.....#.#########
##.#...#.##....D@................
.#.##.##.#....######..#.##.......
.##.#.#.##....# #.........#####
..#.###.#.....# #.........#
..##.#.##.[...# #.........#
#..#.#.#......# #.........#
##.##.##......# ###########
#..#.#.......# #..#'#.......#


You could see a seven-headed hydra.

Vanquished Creatures
  A troll (D:7)
  Grinder (D:6)
  A hippogriff (D:6)
  Sigmund (D:2)
  Eustachio (D:6)
  5 yaks (D:7)
  A black bear (D:7)
  A phantom (D:6)
  An ogre (D:7)
  A centaur (D:6)
  3 bullfrogs (D:6)
  A scorpion (D:4)
  2 vampire bats (D:3)
  A howler monkey (D:6)
  3 crimson imps
  A bullfrog zombie (D:7)
  A centaur skeleton (D:4)
  2 hounds
  3 orc priests
  Crazy Yiuf (D:2)
  Natasha (twice) (D:2)
  3 iguanas
  3 orc wizards
  2 worker ants
  A hound skeleton (D:6)
  4 gnolls (D:7)
  11 adders
  An ooze (D:3)
  An adder skeleton (D:7)
  An adder zombie (D:6)
  3 worms
  A dart slug (D:1)
  3 leopard geckos
  12 orcs
  A ball python (D:5)
  3 bat skeletons (D:3)
  2 bat zombies (D:3)
  4 giant cockroaches
  5 goblins
  5 hobgoblins
  6 jackals
  5 quokkas
  8 bats
  8 frilled lizards
  2 jackal skeletons
  6 kobolds
  A leopard gecko skeleton (D:6)
  A leopard gecko zombie (D:5)
  A quokka skeleton (D:8)
  12 rats
150 creatures vanquished.

Notes
Turn   | Place    | Note
-------+----------+-------------------------------------------
     0 | D:1      | Gwenloh the Vampire Enchanter began the quest for the Orb.
     0 | D:1      | Reached XP level 1. HP: 13/13 MP: 3/3
   192 | D:1      | Reached XP level 2. HP: 19/19 MP: 3/5
   196 | D:1      | Learned a level 2 spell: Ensorcelled Hibernation
  1061 | D:2      | Reached XP level 3. HP: 25/25 MP: 6/6
  1066 | D:2      | Learned a level 3 spell: Confuse
  1077 | D:2      | Reached skill level 5 in Stealth
  1295 | D:2      | Noticed Natasha
  1297 | D:2      | Killed Natasha
  1297 | D:2      | Reached skill level 5 in Hexes
  1297 | D:2      | Reached XP level 4. HP: 31/31 MP: 7/7
  1326 | D:2      | Noticed Sigmund
  1330 | D:2      | Killed Sigmund
  1330 | D:2      | Reached skill level 1 in Fighting
  1330 | D:2      | Reached skill level 6 in Stealth
  1330 | D:2      | Reached skill level 1 in Ice Magic
  1330 | D:2      | Reached XP level 5. HP: 37/37 MP: 8/8
  1456 | D:2      | Found a faded altar of an unknown god.
  1759 | D:2      | Found a runed translucent door.
  1760 | D:2      | Noticed Crazy Yiuf
  1766 | D:2      | Killed Crazy Yiuf
  1919 | D:3      | Reached XP level 6. HP: 43/43 MP: 6/9
  1924 | D:3      | Learned a level 3 spell: Tukima's Dance
  2113 | D:2      | Noticed Natasha
  2122 | D:2      | Killed Natasha
  2568 | D:3      | Found an ancient bone altar of Kikubaaqudgha.
  2721 | D:3      | Found a sparkling altar of Nemelex Xobeh.
  3539 | D:4      | Reached XP level 7. HP: 47/49 MP: 8/11
  3601 | D:5      | Entered Level 5 of the Dungeon
  3877 | D:4      | Reached skill level 7 in Stealth
  5569 | D:6      | Noticed Grinder
  5574 | D:6      | Paralysed by Grinder for 6 turns
  5585 | D:6      | Killed Grinder
  5585 | D:6      | Reached skill level 5 in Dodging
  5585 | D:6      | Reached skill level 8 in Stealth
  5585 | D:6      | Reached XP level 8. HP: 37/56 MP: 8/12
  5590 | D:6      | Learned a level 3 spell: Dazzling Spray
  5663 | D:6      | Found a staircase to the Ecumenical Temple.
  5707 | Temple   | Entered the Ecumenical Temple
  5898 | Temple   | Became a worshipper of Gozag Ym Sagoz the Greedy
  6141 | D:6      | Noticed a hippogriff
  6147 | D:6      | Killed a hippogriff
  6422 | D:6      | Found a sparkling altar of Nemelex Xobeh.
  6588 | D:6      | Found a shadowy altar of Dithmenos.
  6755 | D:6      | Noticed Eustachio
  6829 | D:6      | Found a burning altar of Makhleb.
  6846 | D:6      | Reached skill level 9 in Stealth
  6884 | D:6      | Killed Eustachio
  6943 | D:7      | Got a pitted whip
  6952 | D:7      | Identified the +0 whip "Bososab" {drain, Stlth+} (You found
                  | it on level 7 of the Dungeon)
  7034 | D:7      | Reached XP level 9. HP: 58/63 MP: 8/14
  7232 | D:7      | Reached skill level 10 in Stealth
  7350 | D:7      | Found a runed translucent door.
  7351 | D:7      | Noticed a cyan ugly thing
  7351 | D:7      | Noticed a purple ugly thing
  7371 | D:7      | Found a runed translucent door.
  7371 | D:7      | Found a runed translucent door.
  7885 | D:7      | Noticed a troll
  7892 | D:7      | Killed a troll
  8034 | D:7      | Noticed a seven-headed hydra
  8067 | D:7      | HP: 2/64 [seven-headed hydra (9)]
  8067 | D:7      | Mangled by a seven-headed hydra

Levels and vault maps discovered:
D:1:      dpeg_arrival_circle_labyrinth_c, layout_loops_ring
D:2:      layout_loops_cross, chequers_ecumenical_altar_simple_redux,
          minmay_statues_item, uniq_crazy_yiuf_cottage, uniq_natasha,
          uniq_sigmund
D:3:      minmay_chambers_of_threes, layout_loops_ring,
          kennysheep_vampire_church, serial_bayou_lagoon_a,
          nemelex_diamond_rough_becter
D:4:      layout_gridville, first_ration
D:5:      layout_gridville, serial_bayou_pond_a, kennysheep_generic_room_7
D:6:      layout_basic, old_standard_altar, nemelex_altar_shiori,
          minmay_temple_entry_statues, nicolae_dithmenos_through_a_glass_darkly,
          uniq_grinder, uniq_eustachio
D:7:      minmay_the_grid_four_pointed_star
          [minmay_the_grid_triangle_9x9_semitri,
          minmay_the_grid_triangle_9x9_windchime,
          minmay_the_grid_triangle_9x9_zippers_horizontal,
          minmay_the_grid_triangle_9x9_fully_insulated_deathbox,
          minmay_the_grid_prize_four_corners], layout_rooms, grunt_ogre_cave,
          minivault_23
D:8:      layout_loops_ring, tgw_trog, lair_entry_dummy, serial_shops,
          nicolae_shop_stone, uniq_harold
Temple:   dpeg_five_rooms_temple

Skill      XL: |  1  2  3  4  5  6  7  8  9 |
---------------+----------------------------+-----
Stealth        | 5 6 8 9 10 | 10.5
Dodging        | 3 4 5 6 7 |  7.0
Hexes          | 5 6 7 8 9 |  9.6
Fighting       | 1 2 3 |  3.6
Short Blades   | 2 3 4 |  4.7
Ice Magic      | 1 2 3 |  3.9
Spellcasting   | 3 4 |  4.2

Action                   |  1- 3 |  4- 6 |  7- 9 || total
-------------------------+-------+-------+-------++-------
Melee: Dagger            |    84 |   139 |   107 ||   330
       Bite              |     3 |    10 |     9 ||    22
       Rapier            |       |       |    15 ||    15
Throw: Stone             |    30 |       |       ||    30
 Cast: Corona            |    18 |     4 |     1 ||    23
       Ensorcelled Hiber |     4 |    35 |    66 ||   105
       Confuse           |       |     5 |    11 ||    16
       Dazzling Spray    |       |       |     1 ||     1
  Use: Scroll            |       |       |    18 ||    18
       Potion            |       |       |     1 ||     1
 Stab: Sleeping          |    13 |    36 |    49 ||    98
       Confused          |       |     4 |     6 ||    10
       Invisible         |       |       |     1 ||     1
Armor: Robe              |    21 |    39 |    19 ||    79
Dodge: Dodged            |    61 |   153 |    67 ||   281
Block: Other             |       |       |     8 ||     8
